 Dungeon Crawl Stone Soup version 0.29.1-1-gd02db6906a (webtiles) character file.

Game seed: 5534083684705676404

37 Anriel the Vexing (level 3, -10/20 HPs)
             Began as a Deep Elf Arcane Marksman on Oct 20, 2022.
             Mangled by a gnoll
             ... wielding a +0 flail
              (11 damage)
             ... on level 1 of the Dungeon.
             The game lasted 00:08:52 (1571 turns).

Anriel the Vexing (Deep Elf Arcane Marksman)        Turns: 1571, Time: 00:08:52

Health: -10/20     AC:  2    Str:  7    XL:     3   Next: 21%
Magic:  8/8        EV: 13    Int: 17    God:
Gold:   44         SH:  0    Dex: 17    Spells: 5/6 levels left

rFire   . . .      SeeInvis .   a - +1 sling
rCold   . . .      Faith    .   (no shield)
rNeg    . . .      Spirit   .   c - +0 robe
rPois   .          Reflect  .   (no helmet)
rElec   .          Harm     .   (no cloak)
rCorr   .          Rampage  .   (no gloves)
Will    .....                   (no boots)
Stlth   ++........              (no amulet)
HPRegen 0.06/turn               (no ring)
MPRegen 0.11/turn               (no ring)

@: no status effects
A: no striking features
a: no special abilities


You were on level 1 of the Dungeon.
You visited 1 branch of the dungeon, and saw 2 of its levels.

You collected 44 gold pieces.

Inventory:

Hand Weapons
 a - a +1 sling (weapon)
 g - a +1 short sword of flaming
Armour
 c - a +0 robe (worn)
 h - a +2 plate armour of positive energy
Scrolls
 d - 2 scrolls of teleportation {unknown}
 e - a scroll of identify {unknown}
 f - a scroll of vulnerability {unknown}


   Skills:
 + Level 0.8 Fighting
 + Level 3.7 Ranged Weapons
 + Level 2.7 Dodging
 + Level 2.4 Spellcasting
 + Level 4.4 Hexes


You had 5 spell levels left.
You knew the following spells:

 Your Spells              Type           Power      Damage    Failure   Level
a - Slow                  Hex            68%        N/A       3%          1

Your spell library contained the following spells:

 Spells                   Type           Power      Damage    Failure   Level
 Inner Flame              Hex/Fire       9%         N/A       22%         3
 Portal Projectile        Hex/Tloc       18%        N/A       22%         3
 Cause Fear               Hex            8%         N/A       28%         4


Dungeon Overview and Level Annotations

Branches:
Dungeon (2/15)

Altars:


Message History

Fire: a) +1 sling
Press: ? - help, Q - select action, (/) - cycle Shift-Dir - straight line, f/p - gnoll
Aim: a gnoll, wielding a +0 club (severely wounded, slow, 61% to hit)
You shoot a sling bullet. The sling bullet hits the gnoll.
The gnoll is severely wounded.
Fire: a) +1 sling
Press: ? - help, Q - select action, (/) - cycle Shift-Dir - straight line, f/p - gnoll
Aim: a gnoll, wielding a +0 club (severely wounded, slow, 61% to hit)
You shoot a sling bullet. The sling bullet hits the gnoll.
You kill the gnoll!
Your Spellcasting skill increases to level 2!
You have reached level 3!
Your experience leads to an increase in your attributes!
Increase (S)trength, (I)ntelligence, or (D)exterity?
You feel agile. x2
Things that are here:
a +0 club; a gnoll corpse You start resting.
Magic restored.
You start resting.
HP restored.
There is a stone staircase leading down here.
You climb downwards.
The gnoll hits you with a +0 flail. The gnoll hits you with a +0 whip!
* * * LOW HITPOINT WARNING * * *
The gnoll hits you with a +0 flail.
* * * LOW HITPOINT WARNING * * *
There is a stone staircase leading up, spattered with blood here.
You aren't carrying any potions.
Really read the scroll of poison?
The air fills with toxic fumes!
As you read the scroll of poison, it crumbles to dust.
The gnoll closely misses you. The gnoll barely misses you.
Unknown command.
The gnoll misses you. x2
You climb upwards.
There is a stone staircase leading down here.
The gnoll hits you with a +0 flail!
Ouch! That really hurt!
You die...

#.########.######....#
#.......(.........##.#
#.##############..##.# # #.#
#.........#..##.# ### #.#
#.#######.#.###.# ..# #.#
#.#######.#.....### #.#
#.####.........#.......#
#.####...##..#############.##
................@g.......#.#
.#######.##..####g######.#.#
#....###.##..##....)...#.#.##
.....'.#......#.#.####.#.#..#
.....#.#####.##....# #.#.####
.....#.......##...####.#.#
#....##########......#...#
........# #.#.##.#####
.######.# #.#.##.#######


You could see 2 gnolls.

Vanquished Creatures
  A gnoll (D:1)
  An endoplasm (D:1)
  A giant cockroach (D:1)
  3 goblins (D:1)
  3 hobgoblins (D:1)
  4 jackals (D:1)
  3 kobolds (D:1)
  2 quokkas (D:1)
  A ball python (D:1)
  A bat (D:1)
  A frilled lizard (D:1)
  3 rats (D:1)
24 creatures vanquished.

Vanquished Creatures (others)
  A plant (D:1)
1 creature vanquished.

Grand Total: 25 creatures vanquished

Notes
Turn   | Place    | Note
-------+----------+-------------------------------------------
     0 | D:1      | Anriel the Deep Elf Arcane Marksman began the quest for the
                  | Orb.
     0 | D:1      | Reached XP level 1. HP: 11/11 MP: 5/5
   239 | D:1      | Reached XP level 2. HP: 3/16 MP: 2/6
  1411 | D:1      | Reached XP level 3. HP: 10/20 MP: 5/8
  1567 | D:2      | HP: 1/20 [gnoll/+0 flail (5)]
  1571 | D:1      | Mangled by a gnoll

Illustrated notes

Levels and vault maps discovered:
D:1:      minmay_arrival_hallway, layout_basic, serial_bayou_pond_a,
          nicolae_titane
D:2:      layout_loops_ring, nicolae_figureground_sparkle

Skill      XL: |  1  2 |
---------------+-------+-----
Ranged Weapons | 3 |  3.7
Spellcasting   | 2 |  2.4
Fighting       | |  0.8
Dodging        | |  2.7
Hexes          | |  4.4

Action                   || total
-------------------------++-------
 Fire: Sling             ||    79
 Cast: Slow              ||    27
  Use: Scroll            ||     1
Armor: Robe              ||     9
Dodge: Dodged            ||    35
